 Dungeon Crawl Stone Soup version 0.30-a0-528-g8c47a4955b (webtiles) character file.

Game seed: 17989148831978180758

51249 Angani the Fighter (level 14, -6/121 HPs)
             Began as a Yellow Draconian Reaver on Dec 24, 2022.
             Was the Champion of Cheibriados.
             Mangled by a tyrant leech (18 damage)
             ... on level 5 of the Lair of Beasts.
             The game lasted 00:35:52 (18633 turns).

Angani the Fighter (Yellow Draconian Reaver)       Turns: 18633, Time: 00:35:53

Health: -6/121     AC: 17    Str: 36    XL:     14   Next: 22%
Magic:  5/21       EV: 20    Int: 30    God:    Cheibriados [******]
Gold:   898        SH: 13    Dex: 24    Spells: 16/17 levels left

rFire   . . .      SeeInvis .      - Unarmed
rCold   . . .      Faith    .    t - +0 buckler
rNeg    . . .      Spirit   .    (body armour unavailable)
rPois   .          Reflect  +    (helmet restricted)
rElec   +          Harm     .    e - +2 cloak
rCorr   +          Rampage  .    M - +2 pair of gloves {Str+3}
Will    ++...                    f - +2 pair of boots "Turozxow" {Str+2 Stlth+}
Stlth   +++++++                  v - amulet of reflection
HPRegen 0.40/turn                n - ring of Qeted {Fly rElec Will+ Int-3 Stlth+}
MPRegen 0.17/turn                G - +4 ring of slaying

@: about to teleport, on berserk cooldown, flying, slowed, very slow
A: spit acid, AC +8, unfitting armour, acidic bite, cold-blooded, acid
resistance
a: Breathe Acid, Renounce Religion, Bend Time, Temporal Distortion, Slouch, Step
From Time


You were on level 5 of the Lair of Beasts.
You worshipped Cheibriados.
Cheibriados was exalted by your worship.
You visited 3 branches of the dungeon, and saw 16 of its levels.
You also visited: Ossuary and Volcano.

You collected 1240 gold pieces.
You spent 342 gold pieces at shops.

Inventory:

Hand Weapons
 a - the +9 staff of Olgreb {rPois∞}
   (You found it on level 8 of the Dungeon)

   If the wielder is skilled in Evocations, they can envenom those struck by it,
   dealing poison damage which bypasses armour.
   It enhances your poison magic.
   It grants immunity to poison.
   It can be activated via the 'a'bility menu to radiate toxic energy, with
   effectiveness depending on Evocations skill.
Missiles
 h - 27 poisoned darts
 y - 2 throwing nets
Armour
 e - a +2 cloak (worn)
 f - the +2 pair of boots "Turozxow" (worn) {Str+2 Stlth+}
   (You found it on level 6 of the Dungeon)

   Str:       It affects your strength (+2).
   Stlth:     It makes you more stealthy.
 t - a +0 buckler (worn)
 M - a +2 pair of gloves of strength (worn)
Jewellery
 n - the ring of Qeted (left hand) {Fly rElec Will+ Int-3 Stlth+}
   (You acquired it on level 2 of the Lair of Beasts)

   [ring of flight]

   Int:       It affects your intelligence (-3).
   rElec:     It insulates you from electricity.
   Fly:       It grants you flight.
   Will:      It increases your willpower.
   Stlth:     It makes you more stealthy.
 s - a +6 ring of dexterity
 u - a ring of protection from fire
 v - an amulet of reflection (around neck)
 x - a +4 ring of protection
 G - a +4 ring of slaying (right hand)
 L - a ring of see invisible
Wands
 k - a wand of flame (25)
 o - a wand of paralysis (19)
 A - a wand of light (9)
 C - a wand of iceblast (5)
 F - a wand of mindburst (8)
 J - a wand of digging (11)
Scrolls
 b - a scroll of immolation
 d - 3 scrolls of amnesia
 i - 8 scrolls of teleportation
 l - a scroll of blinking
 m - a scroll of butterflies
 r - 4 scrolls of poison
 z - 4 scrolls of vulnerability
 E - 3 scrolls of fog
 I - 3 scrolls of enchant armour
Potions
 c - 4 potions of mutation
 g - 4 potions of curing
 j - 3 potions of invisibility
 p - a potion of berserk rage
 q - a potion of might
 w - 2 potions of attraction
 B - 2 potions of brilliance
 H - a potion of flight {unknown}
 K - a potion of lignification


   Skills:
 - Level 10.3 Fighting
 - Level 10.0 Dodging
 + Level 9.8 Stealth
 + Level 9.8 Shields
 + Level 9.9 Unarmed Combat
 - Level 2.0 Spellcasting
 - Level 3.0 Conjurations
 - Level 10.0 Invocations
 + Level 9.8 Evocations


You had 16 spell levels left.
You knew the following spells:

 Your Spells              Type           Power      Damage    Failure   Level
a - Kiss of Death         Conj/Necr      48%        2d9       4%          1

Your spell library contained the following spells:

 Spells                   Type           Power      Damage    Failure   Level
 Momentum Strike          Conj/Tloc      24%        3d8       8%          2
 Dazzling Flash           Conj/Hex       24%        N/A       16%         3
 Hailstorm                Conj/Ice       12%        3d5       16%         3
 Inner Flame              Hex/Fire       3%         N/A       28%         3
 Ozocubu's Armour         Ice            3%         N/A       28%         3
 Portal Projectile        Hex/Tloc       6%         N/A       28%         3
 Cause Fear               Hex            1%         N/A       67%         4
 Passage of Golubria      Tloc           3%         N/A       67%         4
 Agony                    Necr           3%         N/A       95%         5
 Metabolic Englaciation   Hex/Ice        1%         N/A       95%         5
 Silence                  Hex/Air        1%         N/A       95%         5
 Summon Forest            Summ/Tloc      1%         N/A       95%         5
 Simulacrum               Ice/Necr       1%         N/A       100%        6
 Discord                  Hex            1%         N/A       100%        8
 Maxwell's Capacitive Co  Air            1%         ∞         100%        8


Dungeon Overview and Level Annotations

Branches:
Dungeon (10/15)            Temple (1/1) D:4            Lair (5/5) D:10
 Shoals (0/4) Lair:3        Snake (0/4) Lair:3        Slime (0/5) Lair:4
    Orc (0/2) D:10        Ossuary (visited)         Volcano (visited)

Altars:
Ashenzari
Cheibriados
Dithmenos
Elyvilon
Fedhas
Gozag
Hepliaklqana
Kikubaaqudgha
Makhleb
Nemelex Xobeh
Okawaru
Qazlal
Ru
Sif Muna
Trog
Uskayaw
Vehumet
Wu Jian
Xom
Yredelemnul
Zin
The Shining One
Jiyva

Shops:
D:3 (   D:4 ?   D:8 (!(**

Annotations:
D:4 1 runed translucent door, Xtruder99's ghost, novice GnFi
D:8 1 runed translucent door
D:9 exclusion: 2 doors


Innate Abilities, Weirdness & Mutations

You can spit globs of acid.
Your golden yellow scales are hard. (AC +8)
You cannot fit into any form of body armour.
You have acidic saliva.
You are cold-blooded and may be slowed by cold attacks.
You are resistant to acid. (rCorr)


Message History

You closely miss the basilisk.
Your tail-slap misses the basilisk.
The basilisk gazes at you. You resist with almost no effort. The yak gores you!
* * * LOW HITPOINT WARNING * * *
You pummel the basilisk!!
The basilisk is heavily wounded.
The basilisk closely misses you. You block the yak's attack.
Unknown command.
Unknown command.
Unknown command.
Unknown command.
Unknown command.
You hit the basilisk.
The basilisk is severely wounded.
The basilisk closely misses you. The basilisk completely misses you.
Unknown command.
You pummel the basilisk!!
You kill the basilisk!
Cheibriados appreciates the change of pace.
The yak gores you!
* * * LOW HITPOINT WARNING * * *
The yak completely misses you.
Unknown command.
Unknown command.
As you read the scroll of teleportation, it crumbles to dust.
You feel strangely unstable. You block the yak's attack.
The yak completely misses you. The yak gores you!
* * * LOW HITPOINT WARNING * * *
Unknown command.
You pummel the yak!! You bite the yak.
The yak is splashed with acid.
The yak is severely wounded.
The yak gores you but does no damage. You block the yak's attack. x2
Unknown command.
You pummel the yak!!
You kill the yak!
Cheibriados appreciates the change of pace.
The yak gores you!
* * * LOW HITPOINT WARNING * * *
The tyrant leech bites you!!
You die...

.#...##.........#
#.#...#.........#
.##.....##....###
###.....#....#..#
###).........#### ###
##............## #######Y#####.#
###............# #.(††††YYY....#
#.#............###......†rY.....#
..##...........w@†Y......YY....##
..#.............YY...............
.##....##...#....................
.#....###..###.#...........!l.†..
##...##.......#####...#..........
#...##......### ###.###..##....
#..##........# ## .##....††..##
#.....###.###


You could see a tyrant leech and 3 yaks.

Vanquished Creatures
  A rakshasa (D:9)
  2 hydras (Lair:5)
  3 two-headed ogres
  6 death yaks (Lair:4)
  Pikel (D:5)
  An oklob plant (Lair:4)
  A wolf spider (Lair:4)
  A manticore (Lair:3)
  2 salamanders (Volcano)
  An eye of devastation (Lair:4)
  13 black mambas
  9 elephants
  A molten gargoyle (Lair:4)
  A gargoyle (D:10)
  9 cane toads
  A torpor snail (Lair:5)
  8 komodo dragons
  4 rime drakes
  A wind drake (Lair:3)
  3 polar bears
  2 hornets (Lair:5)
  Grinder (D:3)
  23 blink frogs
  2 vampires
  A fire elemental (Lair:4)
  A wraith (D:6)
  14 wyverns
  A spriggan (Lair:3)
  50 yaks
  2 basilisks
  2 fire bats (Volcano)
  Eustachio (D:4)
  4 steam dragons
  3 redbacks (D:8)
  3 nagas (Lair:3)
  An acid dragon (D:10)
  Edmund (D:5)
  A floating eye (Lair:4)
  A hell hound (Volcano)
  26 water moccasins
  6 orc warriors
  3 sky beasts
  An ice beast (D:5)
  2 black bears
  15 wolves
  5 centaurs
  6 ogres
  A phantom (D:5)
  5 elf zombies (Ossuary)
  3 kobold brigands
  7 bullfrogs
  A gnoll sergeant (D:9)
  3 necrophages
  7 scorpions
  A wight (D:9)
  24 killer bees
  A lava snake (Lair:4)
  2 howler monkeys
  4 hounds
  3 centaur zombies (Ossuary)
  A gnoll bouda (D:5)
  4 human zombies (Ossuary)
  6 orc priests
  Jessica (D:2)
  Natasha (thrice) (D:1)
  3 iguanas
  6 orc wizards
  6 hell rats (Lair:5)
  3 mummies (Ossuary)
  11 adders
  10 gnolls
  A shadow imp (D:7)
  A white imp (D:5)
  2 ufetubi
  A worm (D:2)
  A dart slug (D:4)
  50 orcs
  5 endoplasms
  3 giant cockroaches
  16 goblins
  8 hobgoblins
  2 jackals (D:1)
  4 quokkas
  5 ball pythons
  4 frilled lizards
  17 kobolds
  A rat (D:1)
484 creatures vanquished.

Vanquished Creatures (others)
  2 demonic plants (D:3)
  18 fungi
  67 plants
  2 withered plants (D:4)
89 creatures vanquished.

Grand Total: 573 creatures vanquished

Notes
Turn   | Place    | Note
-------+----------+-------------------------------------------
     0 | D:1      | Angani the Draconian Reaver began the quest for the Orb.
     0 | D:1      | Reached XP level 1. HP: 17/17 MP: 3/3
   139 | D:1      | Reached XP level 2. HP: 22/24 MP: 5/5
   246 | D:1      | You fall into a shaft and drop 1 floor!
   276 | D:2      | Noticed Jessica
   359 | D:2      | Noticed Natasha
   408 | D:1      | Killed Natasha
   409 | D:1      | Reached XP level 3. HP: 19/27 MP: 3/6
   454 | D:2      | Killed Jessica
   455 | D:2      | Reached skill level 5 in Unarmed Combat
   455 | D:2      | Reached XP level 4. HP: 19/36 MP: 7/7
   857 | D:1      | Noticed Natasha
   864 | D:1      | Killed Natasha
  1091 | D:1      | Noticed Natasha
  1106 | D:1      | Killed Natasha
  1107 | D:1      | Reached XP level 5. HP: 15/38 MP: 6/8
  1926 | D:3      | Found Gahudix's Weapon Shoppe.
  1977 | D:3      | Found a faded altar of an unknown god.
  2311 | D:3      | Noticed Grinder
  2317 | D:3      | Paralysed by Grinder for 2 turns
  2324 | D:3      | Paralysed by Grinder for 3 turns
  2600 | D:4      | Noticed an ogre
  2624 | D:4      | Killed an ogre
  2625 | D:4      | Reached XP level 6. HP: 27/36 MP: 6/9
  3103 | D:4      | Found a runed translucent door.
  3104 | D:4      | Noticed Xtruder99's ghost (novice GnFi)
  3309 | D:4      | Found Gokuoh's Magic Scroll Emporium.
  3312 | D:4      | Noticed Eustachio
  3356 | D:4      | Killed Eustachio
  3357 | D:4      | Your scales start taking on a golden yellow colour.
  3357 | D:4      | Reached XP level 7. HP: 31/51 MP: 8/10
  3357 | D:4      | Gained mutation: You are resistant to acid. (rCorr) [Yellow
                  | Draconian growth]
  3449 | D:4      | Bought a scroll of identify for 24 gold pieces
  3449 | D:4      | Bought a scroll of identify for 24 gold pieces
  3449 | D:4      | Bought a scroll of enchant armour for 90 gold pieces
  3699 | D:4      | Found a staircase to the Ecumenical Temple.
  3705 | Temple   | Entered the Ecumenical Temple
  3767 | Temple   | Became a worshipper of Cheibriados the Contemplative
  3992 | D:3      | Paralysed by Grinder for 2 turns
  4003 | D:3      | Killed Grinder
  4216 | D:5      | Entered Level 5 of the Dungeon
  4248 | D:5      | Found a sand-covered staircase.
  4257 | Ossuary  | Entered an ossuary
  4301 | Ossuary  | Reached XP level 8. HP: 49/63 MP: 11/11
  4569 | Ossuary  | Reached skill level 5 in Fighting
  4738 | D:5      | Got the Quarto of the Hazy Tesseract
  4885 | D:5      | Noticed Pikel
  4895 | D:5      | Killed Pikel
  4896 | D:5      | Reached skill level 5 in Dodging
  4896 | D:5      | Reached XP level 9. HP: 68/78 MP: 12/12
  4906 | D:5      | Noticed Edmund
  4928 | D:5      | Reached * piety under Cheibriados
  4935 | D:5      | Killed Edmund
  6059 | D:6      | Identified the +2 pair of boots "Turozxow" {Str+2 Stlth+}
  6756 | D:7      | Reached ** piety under Cheibriados
  7144 | D:7      | Found an opulent altar of Gozag.
  7148 | D:7      | Found a burning altar of Makhleb.
  7153 | D:7      | Found a glowing golden altar of the Shining One.
  7377 | D:8      | Reached XP level 10. HP: 91/91 MP: 13/13
  7419 | D:8      | Identified the +4 sling of Dividends {flame, rF+ Str+2
                  | SInv}
  7430 | D:8      | Found the +4 dagger "Morg" {pain, Will+ Int+5}
  7433 | D:8      | Found Cisakava's Antique Weapon Shop.
  7454 | D:8      | Found Boquop's Distillery.
  7463 | D:8      | Bought a potion of might for 48 gold pieces
  7463 | D:8      | Bought a potion of heal wounds for 60 gold pieces
  7463 | D:8      | Bought a potion of curing for 36 gold pieces
  7508 | D:8      | Found the +9 staff of Olgreb {rPois∞}
  7561 | D:8      | Found Eqoys's Weapon Boutique.
  7648 | D:8      | Found a runed translucent door.
  7651 | D:8      | Found a runed translucent gate.
  7651 | D:8      | Found a runed translucent gate.
  7678 | D:8      | Found a runed translucent gate.
  7681 | D:8      | Found a runed translucent door.
  7832 | D:8      | Found Vaesotze's Assorted Antiques.
  7837 | D:8      | Bought a scroll of teleportation for 60 gold pieces
  7961 | D:8      | Found Joasm's General Store.
  7987 | D:8      | Reached *** piety under Cheibriados
  8371 | D:8      | Reached skill level 10 in Fighting
  8452 | D:8      | Reached skill level 1 in Invocations
  8462 | D:8      | Reached skill level 1 in Stealth
  8462 | D:8      | Reached skill level 1 in Shields
  8462 | D:8      | Reached skill level 1 in Evocations
  8813 | D:9      | Reached **** piety under Cheibriados
  9147 | D:9      | Noticed a two-headed ogre
  9154 | D:9      | Killed a two-headed ogre
  9666 | D:9      | Reached XP level 11. HP: 100/100 MP: 9/14
 10004 | D:9      | Noticed a rakshasa
 10012 | D:9      | Killed a rakshasa
 10055 | D:9      | Noticed a fire dragon
 10727 | D:10     | Entered Level 10 of the Dungeon
 10739 | D:10     | Found a staircase to the Lair.
 10885 | D:10     | Reached ***** piety under Cheibriados
 10942 | D:10     | Found a staircase to the Orcish Mines.
 11549 | D:10     | Found a shimmering blue altar of Sif Muna.
 11885 | Lair:1   | Entered Level 1 of the Lair of Beasts
 11995 | Lair:1   | Reached skill level 5 in Invocations
 12370 | Lair:1   | Reached skill level 5 in Shields
 12380 | Lair:1   | Reached skill level 5 in Stealth
 12380 | Lair:1   | Reached skill level 5 in Evocations
 12428 | Lair:1   | Reached skill level 10 in Dodging
 12764 | Lair:1   | Reached XP level 12. HP: 106/106 MP: 16/16
 13161 | Lair:2   | Identified a scroll of acquirement
 13161 | Lair:2   | Acquired the ring of Qeted {Fly rElec Will+ Int-3 Stlth+}
 13259 | Lair:2   | Found a dark tunnel.
 13276 | Volcano  | Entered a volcano
 13478 | Volcano  | Noticed a two-headed ogre
 13480 | Volcano  | Reached ****** piety under Cheibriados
 13483 | Volcano  | Killed a two-headed ogre
 13553 | Volcano  | Noticed a two-headed ogre
 13560 | Volcano  | Killed a two-headed ogre
 14821 | Lair:3   | Found a staircase to the Shoals.
 15256 | Lair:3   | Reached XP level 13. HP: 104/113 MP: 13/19
 15314 | Lair:3   | Found a staircase to the Snake Pit.
 16436 | Lair:4   | Found a staircase to the Slime Pits.
 16437 | Lair:4   | Found a viscous altar of Jiyva.
 16445 | Lair:4   | Paralysed by a floating eye for 3 turns
 16456 | Lair:4   | Paralysed by a floating eye for 2 turns
 16972 | Lair:4   | Found a blossoming altar of Fedhas.
 17438 | Lair:5   | Entered Level 5 of the Lair of Beasts
 17763 | Lair:5   | Reached skill level 10 in Invocations
 18221 | Lair:5   | Gained mutation: You have acidic saliva. [Yellow Draconian
                  | growth]
 18221 | Lair:5   | Reached XP level 14. HP: 98/121 MP: 21/21
 18427 | Lair:5   | Acquired a +2 pair of gloves of strength
 18633 | Lair:5   | Mangled by a tyrant leech

Illustrated notes

Levels and vault maps discovered:
D:1:      matt_arrival_grand_opening, layout_basic, minmay_misc_feat_cross
D:2:      layout_basic, uniq_natasha, uniq_jessica
D:3:      layout_loops_ring, dreamdust_ecumenical_altar_sealed_demon,
          serial_shops, shop_fountains, uniq_grinder
D:4:      layout_gridville, minmay_temple_entry_nine_rooms,
          gammafunk_ghost_grave, serial_shops, shop, minmay_three_crescents,
          uniq_eustachio
D:5:      layout_layer_cave, nicolae_ossuary_entry_monument,
          minmay_ogre_servants, uniq_edmund, uniq_pikel
D:6:      layout_loops_ring
D:7:      layout_rooms, grunt_temple_overflow_diamond,
          chequers_serial_rivers_marsh
D:8:      layout_gridville, serial_shops, nicolae_shop_crystal,
          nicolae_lakefront_shop, kennysheep_little_box, shop, shop,
          minmay_guarded_unrand_staff_of_olgreb
D:9:      nzn_winding_woodlands_cross [nzn_winding_woodlands_5x15_pockets,
          nzn_winding_woodlands_5x15_default, nzn_winding_woodlands_5x15_zeroes,
          nzn_winding_woodlands_5x15_concentric,
          nzn_winding_woodlands_15x15_boxy_spiral], layout_layer_cave,
          wad_floor_pattern_1
D:10:     layout_loops_ring, led_sif_book, david_lair_generic, hiddenorc2_lemuel
Temple:   nicolae_temple_two_arcs
Lair:1:   layout_cave_pods
Lair:2:   layout_regular_city, enter_volcano_2, chequers_serial_rivers_small_3
Lair:3:   layout_roguey, minmay_shoals_entry_beasts,
          minmay_snake_entry_guardpost_small, forest_entry_grove,
          grunt_megastairs_1, infiniplex_staircase_pool_2
Lair:4:   layout_gridlike, minmay_slime_entry_eyes, tgw_fedhas
Lair:5:   wormcave, layout_cave_pods, hangedman_lair_tendril_chambers

Skill      XL: |  1  2  3  4  5  6  7  8  9 10 11 12 13 |
---------------+----------------------------------------+-----
Unarmed Combat | 4 5 7 8 9 |  9.9
Dodging        | 2 5 7 9 10 | 10.0
Fighting       | 3 6 9 10 | 10.3
Invocations    | 3 5 8 10 | 10.0
Stealth        | 2 5 7 9 |  9.8
Shields        | 2 5 7 9 |  9.8
Evocations     | 2 5 7 9 |  9.8
Spellcasting   | |  2.0
Conjurations   | |  3.0

Action                   |  1- 3 |  4- 6 |  7- 9 | 10-12 | 13-15 || total
-------------------------+-------+-------+-------+-------+-------++-------
Melee: Unarmed           |    54 |   184 |   383 |   555 |   327 ||  1503
       Tailslap          |     7 |    31 |    54 |    99 |    75 ||   266
       Punch             |       |     7 |    17 |       |       ||    24
       Staff             |       |       |       |    10 |    24 ||    34
       Bite              |       |       |       |       |    14 ||    14
Throw: Dart              |       |     4 |       |       |       ||     4
 Cast: Kiss of Death     |     2 |     6 |       |       |       ||     8
Invok: Bend Time         |       |       |       |     2 |       ||     2
 Abil: Breathe Acid      |       |       |    24 |    20 |     3 ||    47
       Evoke the Staff o |       |       |       |    44 |    31 ||    75
Evoke: Wand              |       |       |       |     3 |     6 ||     9
  Use: Scroll            |       |     5 |     8 |    10 |     5 ||    28
       Potion            |       |       |     2 |     7 |     4 ||    13
 Stab: Sleeping          |       |       |     1 |     9 |    11 ||    21
       Distracted        |       |       |       |     2 |     2 ||     4
Armor: Skin              |    13 |    61 |   159 |   168 |    83 ||   484
Dodge: Dodged            |    46 |   100 |   182 |   410 |   305 ||  1043
Block: Buckler           |       |       |    31 |   357 |   257 ||   645
       Reflection        |       |       |     1 |     7 |     3 ||    11

Table legend: (Time is in decaauts)
 A = Elapsed time spent in this place.
 B = Non-inter-level travel time spent in this place.
 C = Inter-level travel time spent in this place.
 D = Time resting spent in this place.
 E = Time spent auto-exploring this place.
 F = Levels seen in this place.
 G = Mean time per level.
                   A        B        C        D        E       F      G
               +--------+--------+--------+--------+--------+-----+--------+
         Total |  24867 |  23897 |    970 |   3350 |  16388 |  18 | 1381.5 |
       Dungeon |  14352 |  13575 |    777 |   1714 |   9856 |  10 | 1435.2 |
        Temple |     74 |     64 |     10 |      0 |     50 |   1 |   74.0 |
          Lair |   9554 |   9372 |    182 |   1333 |   6462 |   5 | 1910.8 |
       Ossuary |    351 |    351 |      0 |    116 |     19 |   1 |  351.0 |
       Volcano |    534 |    534 |      0 |    186 |      0 |   1 |  534.0 |
               +--------+--------+--------+--------+--------+-----+--------+

Top non-repeatable levels by time:
     D:9: 3039 daAuts
  Lair:4: 2429 daAuts
  Lair:1: 1978 daAuts
  Lair:3: 1926 daAuts
  Lair:2: 1880 daAuts
     D:8: 1825 daAuts
    D:10: 1757 daAuts
     D:5: 1563 daAuts
     D:4: 1450 daAuts
  Lair:5: 1340 daAuts
     D:6: 1079 daAuts
     D:1: 1031 daAuts
     D:2: 915 daAuts
     D:3: 849 daAuts
     D:7: 840 daAuts
